 Adventure DCSS version bcrawl-1.27.1b (webtiles) character file.

Game seed: 8691337581963911466

87492 Apogee the Ducker (level 3, 26/26 HPs)
             Began as an Oni Conjurer on June 6, 2020.
             Quit the game on level 2 of the Dungeon on July 16, 2020.
             The game lasted 00:03:54 (1364 turns).

Apogee the Ducker (Oni Conjurer)                    Turns: 1364, Time: 00:03:54

Health: 26/26      AC:  2    Str: 11    XL:     3   Next: 8%
Magic:  8/8        EV: 12    Int: 17    God:
Gold:   98         SH:  0    Dex: 11    Spells: 5/6 levels left
                                        Lives:  2   Deaths: 0

rFire    . . .     SeeInvis .     - Claws (5.3)
rCold    . . .     Gourm    .   (no shield)
rNeg     . . .     Faith    .   a - +0 animal skin
rPois    .         Spirit   .   (helmet restricted)
rElec    .         Reflect  .   (no cloak)
rCorr    .         Harm     .   (no gloves)
MR       .....                  (no boots)
Stlth    ++........             (no amulet)
HPRegen  0.08/turn              (no ring)
MPRegen  0.11/turn              (no ring)

@: very slightly contaminated
A: oni magic, claws 1, fangs 1, horns 1
a: no special abilities


You were on level 2 of the Dungeon.
You were hungry.

You visited 1 branch of the dungeon, and saw 2 of its levels.

You collected 98 gold pieces.

Inventory:

Missiles
 j - 166 stones (quivered)
Armour
 a - a +0 animal skin (worn)
Jewellery
 k - an uncursed ring of insulation {unknown}
Scrolls
 b - 2 scrolls of identify {unknown}
 f - 2 scrolls of enchant armour {unknown}
 h - a scroll of enchant weapon {unknown}
Potions
 c - a potion of magic
 d - 3 potions of brilliance {unknown}
 g - a potion of ambrosia {unknown}
 i - a potion of agility {unknown}
Comestibles
 e - 3 rations {!d}


   Skills:
 + Level 2.2 Dodging
 - Level 1.9 Stealth
 * Level 0.1 Unarmed Combat
 + Level 2.0 Spellcasting
   Level 2.0 Conjurations
   Level 2.0 Hexes
   Level 2.0 Charms
   Level 2.0 Summonings
   Level 2.0 Necromancy
   Level 2.0 Translocations
   Level 2.0 Transmutations
   Level 2.0 Fire Magic
   Level 2.0 Ice Magic
   Level 2.0 Air Magic
   Level 2.0 Earth Magic
   Level 2.0 Poison Magic


You had 5 spell levels left.
You knew the following spells:

 Your Spells              Type           Power        Failure   Level  Hunger
a - Magic Dart            Conj           #...         8%          1    None

Your spell library contained the following spells:

 Spells                   Type           Power        Failure   Level  Hunger
 Blink Other              Tloc           #.....       8%          1    None
 Searing Ray              Conj           #.......     11%         2    ##.....
 Iskenderun's Mystic Bla  Conj           #.......     22%         3    ####...
 Fulminant Prism          Conj/Hex       #.........   63%         4    ######.
 Irradiate                Conj/Tmut      #.........   93%         5    #######


Dungeon Overview and Level Annotations

Branches:
Dungeon (2/12)

Altars:

Annotations:
D:2 Robin


Innate Abilities, Weirdness & Mutations

You learn spells by gaining experience, not through books or religion.
You only train spellcasting to practice magic.
You have sharp fingernails.
You have very sharp teeth.
You have a pair of small horns on your head.


Message History

You are very lightly contaminated with residual magic.
Sparks fly from your claws! The rat bites you but does no damage.
Casting: Magic Dart (safe; 8% risk of failure)
Confirm with . or Enter, or press ? or * to list all spells.
Aiming: Magic Dart (safe; 8% risk of failure)
Press: ? - help, Shift-Dir - straight line, f/p - rat
Aim: a rat (heavily wounded)
The magic dart hits the rat.
You kill the rat!
Level annotation: Robin Welcome back, Apogee the Oni Conjurer.
Press m to set your skill training.
Press ? for a list of commands and other information.
HP restored.
Magic restored.
As you open the door, it creaks loudly!
You hear a shout!
The goblin shouts!
You hear a shout! x4
The teleport trap disappears.
The goblin disappears!
The goblin is too close now for your liking.
There are no items here.
Are you sure you want to abandon this character and quit the game? (Confirm with "yes".)

... ... ......#
. .............
#.#.......#####
# #.g.ยง....
#.#..#####
#.#... #.#
#.##'##.#...
#...@..(..#
###.......#
#.......##
........##
###...####
#...# .....
######


You could see a goblin.

Vanquished Creatures
  A leopard gecko (D:1)
  A bat (D:1)
  A giant cockroach (D:1)
  2 goblins (D:1)
  7 hobgoblins (D:1)
  3 jackals (D:1)
  3 frilled lizards (D:1)
  3 kobolds (D:1)
  A rat (D:2)
22 creatures vanquished.

Notes
Turn   | Place    | Note
-------+----------+-------------------------------------------
     0 | D:1      | Apogee the Oni Conjurer began the quest for the Orb.
     0 | D:1      | Reached XP level 1. HP: 14/14 MP: 4/4
   205 | D:1      | Reached XP level 2. HP: 20/20 MP: 4/6
   983 | D:1      | Reached XP level 3. HP: 26/26 MP: 2/8
  1328 | D:2      | Noticed Robin
  1351 | D:2      | Upgraded the game from bcrawl-1.23.3 to bcrawl-1.27.1b
  1364 | D:2      | Quit the game

Skill      XL: |  1  2 |
---------------+-------+-----
Dodging        | 2 |  2.2
Spellcasting   | 2 |  2.0
Stealth        | |  1.9
Unarmed Combat | |  0.1
Conjurations   | |  2.0
Hexes          | |  2.0
Charms         | |  2.0
Summonings     | |  2.0
Necromancy     | |  2.0
Translocations | |  2.0
Transmutations | |  2.0
Fire Magic     | |  2.0
Ice Magic      | |  2.0
Air Magic      | |  2.0
Earth Magic    | |  2.0
Poison Magic   | |  2.0

Action                   || total
-------------------------++-------
 Cast: Magic Dart        ||    61
  Eat: Chunk             ||     2
Armor: Animal skin       ||     8
Dodge: Dodged            ||    10
